 Dungeon Crawl Stone Soup version 0.26-a0-58-g79b31b8662 (webtiles) character file.

Game seed: 6624454103952447561

114 Ozzies the Skirmisher (level 4, 0/66 HPs)
             Began as a Minotaur Berserker on June 8, 2020.
             Was a Believer of Trog.
             Succumbed to an adder's poison
             ... on level 2 of the Dungeon.
             The game lasted 00:02:02 (1625 turns).

Ozzies the Skirmisher (Minotaur Berserker)          Turns: 1625, Time: 00:02:02

Health: 0/66       AC: 22    Str: 23    XL:     4   Next: 67%
Magic:  3/3        EV:  2    Int:  4    God:    Trog [**....]
Gold:   61         SH:  0    Dex:  9    Spells: 3/3 levels left

rFire    . . .     SeeInvis .   a - +0 hand axe
rCold    . . .     Gourm    .   (no shield)
rNeg     + + +     Faith    .   (armour currently unavailable)
rPois    +         Spirit   .   (helmet currently unavailable)
rElec    .         Reflect  .   (cloak currently unavailable)
rCorr    .         Harm     .   (gloves currently unavailable)
MR       .....     NoTele   +   (boots currently unavailable)
Stlth    +.........             m - amulet of the acrobat
HPRegen  0.21/turn              (no ring)
MPRegen  0.08/turn              (no ring)

@: lethally poisoned (0 -> -12), tree-form
A: (retaliatory headbutt)
a: Berserk, Trog's Hand, Renounce Religion


You were on level 2 of the Dungeon.
You worshipped Trog.
Trog was pleased with you.
You were not hungry.
You were a tree.
You visited 1 branch of the dungeon, and saw 2 of its levels.

You collected 61 gold pieces.

Inventory:

Hand Weapons
 a - a +0 hand axe (weapon)
Armour
 b - a +0 animal skin (melded)
Jewellery
 m - an amulet of the acrobat (around neck)
Scrolls
 d - a scroll of enchant armour {unknown}
 e - a scroll of remove curse {unknown}
 g - 3 scrolls of identify {unknown}
 i - a scroll of fear {unknown}
 k - 2 scrolls of teleportation {unknown}
 l - a scroll of noise {unknown}
Potions
 f - 2 potions of lignification
 h - a potion of heal wounds {unknown}
 j - a potion of mutation {unknown}
Comestibles
 c - 4 rations


   Skills:
 * Level 5.7 Fighting
 + Level 4.7 Axes
 - Level 2.5 Armour
 - Level 2.2 Dodging


You had 3 spell levels left.
You didn't know any spells.
Your spell library was empty.

Dungeon Overview and Level Annotations

Branches:
Dungeon (2/15)

Altars:
Trog


Innate Abilities, Weirdness & Mutations

((You reflexively headbutt those who attack you in melee.))
((You have a pair of horns on your head.))


Message History

* * * LOW HITPOINT WARNING * * *
You are more poisoned.
The adder poisons you!
You hit the adder.
The adder is almost dead.
* * * LOW HITPOINT WARNING * * *
You feel sick. The adder barely misses you.
You closely miss the adder. Your headbutt misses the adder.
The adder is almost dead.
* * * LOW HITPOINT WARNING * * *
You feel sick. The adder barely misses you. You furiously retaliate!
You headbutt the adder!
You kill the adder!
Trog accepts your kill.
There is a lethal amount of poison in your body!
There is a lethal amount of poison in your body!
It was a potion of lignification.
You turn into a tree.
Your +0 animal skin melds into your body.
Your roots penetrate the ground.
You die...

...###..#.#..#########
.........#.#...........
...........#.####......
...###.................
......(.........#......
####...#######.##.....
+...†..# #.....###
#.).#..# #######
#.♣)#### #.†.# #†..#
.'...'. ...#...#...
.....#...#..... +###
#...# ###' #...# '...'


There were no monsters in sight!

Vanquished Creatures
  8 adders (D:2)
  A giant cockroach (D:2)
  8 hobgoblins
  A quokka (D:2)
  3 ball pythons (D:2)
  8 bats
  A frilled lizard (D:2)
  4 goblins
  4 kobolds
  6 rats
44 creatures vanquished.

Notes
Turn   | Place    | Note
-------+----------+-------------------------------------------
     0 | D:1      | Ozzies the Minotaur Berserker began the quest for the Orb.
     0 | D:1      | Reached XP level 1. HP: 19/19 MP: 0/0
   250 | D:1      | Reached skill level 4 in Fighting
   477 | D:1      | Reached XP level 2. HP: 27/27 MP: 1/1
   827 | D:2      | Reached XP level 3. HP: 22/34 MP: 2/2
  1382 | D:2      | Reached skill level 5 in Fighting
  1401 | D:2      | Reached XP level 4. HP: 39/42 MP: 3/3
  1413 | D:2      | Reached ** piety under Trog
  1534 | D:2      | Found a bloodstained altar of Trog.
  1623 | D:2      | HP: 2/44 [poisoned by an adder]
  1625 | D:2      | Succumbed to an adder's poison

Illustrated notes

Levels and vault maps discovered:
D:1:      lordsloth_arrival_two_stooges, layout_loops_ring
D:2:      layout_loops_ring, lemuel_coloured_pillars_altar, st_stairs_14,
          kennysheep_cross_bottleneck, minmay_snake_closets

Skill      XL: |  1  2  3 |
---------------+----------+-----
Fighting       | 4 5 |  5.7
Axes           | 4 |  4.7
Armour         | |  2.5
Dodging        | |  2.2

Action                   |  1- 3 |  4- 6 || total
-------------------------+-------+-------++-------
Melee: Hand axe          |    57 |    24 ||    81
       Headbutt          |     9 |     2 ||    11
  Use: Potion            |       |     1 ||     1
 Stab: Sleeping          |     1 |       ||     1
  Eat: Chunk             |     1 |     1 ||     2
Armor: Animal skin       |    12 |     3 ||    15
Dodge: Dodged            |    36 |    28 ||    64

Table legend:
 A = Non-vault XP
 B = Vault XP
 C = Vault XP percentage of total XP
 D = Non-vault monster count
 E = Vault monster count
 F = Vault count percentage of total count
                 A         B        C        D         E       F
            +---------+---------+-------+---------+---------+-------
      Total |     106 |      58 |  35.4 |      36 |       8 |  18.2
            +---------+---------+-------+---------+---------+-------
        D:1 |      23 |       0 |   0.0 |      15 |       0 |   0.0
        D:2 |      83 |      58 |  41.1 |      21 |       8 |  27.6
            +---------+---------+-------+---------+---------+-------
